Cogmind - Beta 14 @@@ ROGUE MODE // 2024.09.06 @ 12:02:48 Player: Gatamar Result: Destroyed by G-47 Trooper with Particle Gun Performance ------------- Evolutions (1) 500 Regions Visited (6) 1200 Robots Destroyed (67) 335 Value Destroyed (1439) 1439 Prototype IDs (24) 480 Alien Tech Used (0) 0 Bonus (355) 355 TOTAL SCORE: 4309 Bonus ------- High Alert Combat Kills 16 Follower Combat Kills 67 Aligned with FarCom 300 Friendly Fire -28 Cogmind --------- Core Integrity 0/400 Matter 130/300 Energy 261/265 System Corruption 1% Temperature Hot (234) Movement Treading (240) Ox1 Location -8/Mines Parts ------- > --- POWER (1) -------- Improved Ion Engine > --- PROPULSION (2) --- Light Treads Light Treads > --- UTILITY (4) ------ High-capacity Storage Unit Advanced Weight Redist. System Trap Scanner Hardened Light Armor Plating > --- WEAPON (2) ------- Light Cannon Light Cannon > --- INVENTORY (20) --- Light Ion Engine Light Ion Engine Improved Ion Engine Light Treads High-capacity Storage Unit Improved Terrain Scanner Improved Power Shielding Supersonic Drone Bay (1/1) Rocket Launcher Rocket Launcher Rocket Launcher Datajack Mining Laser Peak State ------------ > --- POWER ------------ Light Ion Engine > --- PROPULSION ------- Aluminum Leg Aluminum Leg > --- UTILITY ---------- Medium Storage Unit Structural Scanner Decoy Drone Bay > --- WEAPON ----------- Light Assault Rifle Light Cannon > --- INVENTORY -------- Light Ion Engine Aluminum Leg Small Storage Unit Light Assault Rifle Light Cannon Light Cannon Light Cannon Datajack [Rating: 21] Favorites ----------- Power Light Ion Engine Engine Light Ion Engine Propulsion Light Treads Treads Light Treads Leg Aluminum Leg Utility Medium Storage Unit Device Structural Scanner Storage Medium Storage Unit Protection Hardened Light Armor Plating Weapon Light Cannon Energy Gun Medium Laser Energy Cannon Heavy Particle Cannon Ballistic Gun Light Assault Rifle Ballistic Cannon Light Cannon Launcher Rocket Launcher Special Weapon Mining Laser Special Melee Weapon Datajack Build | -11 -10 -10 -9 -9 -9 -8 ------- Run | Yrd Mat Min Mat Min Exi Min Slots Evolved 2 | . . . 2 . . . Power . | . . . . . . . Propulsion . | . . . . . . . Utility 2 | . . . 2 . . . Weapon . | . . . . . . . Parts Attached 55 | 6 12 1 31 2 1 2 Power 7 | 1 1 . 5 . . . Engine 7 | 1 1 . 5 . . . Core . | . . . . . . . Reactor . | . . . . . . . Propulsion 17 | 2 4 . 11 . . . Treads 12 | 2 . . 10 . . . Leg 5 | . 4 . 1 . . . Wheel . | . . . . . . . Hover . | . . . . . . . Flight . | . . . . . . . Utility 14 | 1 4 1 6 . 1 1 Device 7 | . 2 1 3 . . 1 Storage 3 | 1 1 . . . 1 . Processor . | . . . . . . . Hackware . | . . . . . . . Protection 4 | . 1 . 3 . . . Artifact . | . . . . . . . Weapon 17 | 2 3 . 9 2 . 1 Energy Gun 1 | 1 . . . . . . Energy Cannon 1 | . . . 1 . . . Ballistic Gun 2 | 1 1 . . . . . Ballistic Cannon 9 | . 2 . 6 . . 1 Launcher 1 | . . . . 1 . . Special Weapon 1 | . . . . 1 . . Impact Weapon . | . . . . . . . Slashing Weapon . | . . . . . . . Piercing Weapon . | . . . . . . . Special Melee Weapon 2 | . . . 2 . . . Unidentified Prototypes 1 | . . . 1 . . . Parts Lost 11 | . 1 . 9 1 . . Power 1 | . . . 1 . . . Propulsion 3 | . 1 . 2 . . . Utility 4 | . . . 3 1 . . Weapon 3 | . . . 3 . . . Highest Loss Streak 2 | . 1 . 2 1 . . To Critical Strikes . | . . . . . . . Average Slot Usage (%) 92 | . 94 95 89 97 88 92 Engine 11 | . 11 14 10 11 11 11 Treads 14 | . 6 . 18 22 22 22 Leg 9 | . 21 28 2 . . . Device 13 | . 5 10 18 19 11 14 Storage 12 | . 14 14 11 11 11 11 Protection 6 | . 5 . 6 11 11 11 Energy Cannon 1 | . . . 3 . . . Ballistic Gun 5 | . 13 14 1 . . . Ballistic Cannon 14 | . 11 14 15 18 11 21 Launcher 1 | . . . . 1 11 . Peak Build Rating 21 | 6 7 9 21 14 16 17 Average Rating 11 | 4 6 8 12 13 14 15 On Entrance 9 | . 6 6 9 14 14 15 Naked Turns . | . . . . . . . Heaviest Build 60 | 13 20 18 34 29 59 60 Greatest Support 49 | 40 40 20 49 49 49 49 Greatest Overweight (x) 2 | . . . 2 . 1 1 Average Overweight (x) . | . . . . . . 1 Largest Inventory Capacity 20 | 8 10 10 10 10 20 20 Average Capacity 10 | 6 8 10 10 10 11 20 Most Carried 14 | 4 8 10 10 10 11 14 Average Carried 8 | 2 7 9 8 9 10 12 Final Capacity 20 | 8 10 10 10 10 20 20 Final Carried 13 | 4 8 10 9 10 11 13 Class Distribution -------------------- 79% | Mutant 20% | Scavenger-Mutant Dominant Class ---------------- Mutant | -10/Materials Mutant | -10/Mines Mutant | -9/Materials Scavenger-Mutant | -9/Mines Mutant | -9/Exiles Mutant | -8/Mines Resources | -11 -10 -10 -9 -9 -9 -8 ----------- Run | Yrd Mat Min Mat Min Exi Min Matter Collected 1698 | 189 472 35 861 35 . 106 Remotely . | . . . . . . . Salvage Created 1703 | . 373 29 1240 24 . 37 Parts 130 | . 23 3 93 6 . 5 Haulers Intercepted 3 | . 1 . 2 . . . Recyclers Shooed 1 | . . . 1 . . . Parts Field Recycled . | . . . . . . . Retrieved Matter . | . . . . . . . Parts Self-Destructed . | . . . . . . . Prevented . | . . . . . . . Kills | -11 -10 -10 -9 -9 -9 -8 ------- Run | Yrd Mat Min Mat Min Exi Min Combat Hostiles Destroyed 46 | . 11 2 29 4 . . Guns 5 | . 3 1 1 . . . Cannons 41 | . 8 1 28 4 . . Classes Destroyed 11 | . 6 . 4 . . 1 Worker 2 | . 1 . 1 . . . Builder 5 | . 1 . 4 . . . Tunneler 2 | . . . . . . 2 Hauler 3 | . 1 . 2 . . . Recycler 1 | . . . 1 . . . Operator 1 | . . . 1 . . . Watcher 7 | . 3 . 4 . . . Swarmer 19 | . 6 2 7 4 . . Grunt 17 | . 5 . 12 . . . Duelist 2 | . . . 2 . . . Sentry 8 | . . . 8 . . . Best Kill Streak 8 | . 3 2 8 4 . 1 Combat Bots Only 5 | . 3 2 5 4 . . Max Kills in Single Turn 2 | . 1 1 2 1 . 1 Gunslinging . | . . . . . . . Exploded . | . . . . . . . Melee . | . . . . . . . Uniques/NPCs Destroyed . | . . . . . . . Combat | -11 -10 -10 -9 -9 -9 -8 -------- Run | Yrd Mat Min Mat Min Exi Min Hostile Shots Fired 321 | . 82 8 194 22 . 15 Missed 88 | . 17 4 59 5 . 3 Damage Taken 2909 | . 643 55 1586 435 . 190 Core 568 | . 142 21 227 110 . 68 Absorbed by Shields . | . . . . . . . Regen/Repaired (Parts) 277 | . 121 . 156 . . . Core Remaining (%) 67 | 100 . 34 . . . . Volleys Fired 184 | . 48 5 97 23 . 11 Largest 2 | . 2 2 2 2 . 2 Hottest 110 | . 70 55 110 100 . 70 Shots Fired 345 | . 96 10 184 33 . 22 Gun 78 | . 49 5 24 . . . Cannon 254 | . 47 5 160 20 . 22 Launcher 7 | . . . . 7 . . Special 6 | . . . . 6 . . Kinetic 295 | . 95 10 148 20 . 22 Thermal 43 | . 1 . 36 6 . . Explosive 7 | . . . . 7 . . Electromagnetic . | . . . . . . . Robot Hit Streak 12 | . 5 4 12 5 . 7 Robot Miss Streak 5 | . 5 2 5 5 . 2 Penetration Max . | . . . . . . . Secondary Targets . | . . . . . . . Shots Hit Robots 172 | . 42 6 100 9 . 15 Core Hits 89 | . 22 5 54 5 . 3 Critical Kills 1 | . 1 . . . . . Critical Parts Destroyed 1 | . . . 1 . . . Critical Strikes 10 | . 2 . 6 . . 2 Destroy 2 | . 1 . 1 . . . Blast 8 | . 1 . 5 . . 2 Melee Attacks 4 | . . . 4 . . . Impact . | . . . . . . . Slashing . | . . . . . . . Piercing . | . . . . . . . Sneak Attacks 4 | . . . 4 . . . Combat Hostiles . | . . . . . . . Follow-up Attacks . | . . . . . . . Damage Inflicted 3249 | . 662 123 2038 166 . 260 Guns 284 | . 157 33 94 . . . Cannons 2910 | . 505 57 1944 144 . 260 Explosions 22 | . . . . 22 . . Melee . | . . . . . . . Ramming 33 | . . 33 . . . . Kinetic 2481 | . 649 90 1338 144 . 260 Thermal 713 | . 13 . 700 . . . Explosive 22 | . . . . 22 . . Electromagnetic . | . . . . . . . Impact . | . . . . . . . Slashing . | . . . . . . . Piercing . | . . . . . . . Highest Corruption 1 | . . . . 1 1 1 Average Corruption 1 | . . . . 1 1 1 Corruption Purged . | . . . . . . . Corruption Blocked . | . . . . . . . Effects 6 | . . . . . 2 4 Message Errors 1 | . . . . . . 1 Matter Fused 2 | . . . . . 1 1 Energy Discharges 1 | . . . . . . 1 Data Loss (minor) 2 | . . . . . 1 1 Overload Shots . | . . . . . . . Overflow Damage 23 | . . 8 10 . . 5 Projectiles 23 | . . 8 10 . . 5 Explosions . | . . . . . . . Melee . | . . . . . . . Knockbacks 20 | . 5 1 9 3 . 2 Impact 1 | . . 1 . . . . Kinetic 19 | . 5 . 9 3 . 2 Secondary . | . . . . . . . Self-Inflicted Damage 60 | . . . . 60 . . Shots 2 | . . . . 2 . . Rammed 1 | . . . . . . 1 Targets Rammed 6 | . . 5 . . . 1 Kicked 5 | . . 5 . . . . Crushed . | . . . . . . . Highest Temperature 591 | . 176 28 591 180 . 216 Average Temperature 98 | . 47 15 129 76 . 57 Received Heat Transfer 858 | . 240 27 465 . . 126 Effects 12 | . . . 12 . . . Shutdowns 3 | . . . 3 . . . Interference 4 | . . . 4 . . . Matter Decay 2 | . . . 2 . . . Damage (minor) 2 | . . . 2 . . . Damage (major) 1 | . . . 1 . . . Siege Activations . | . . . . . . . Robots Corrupted . | . . . . . . . Combat Hostiles . | . . . . . . . Parts Fried . | . . . . . . . Impact Corruptions . | . . . . . . . Robots Melted . | . . . . . . . Combat Hostiles . | . . . . . . . Parts Melted 1 | . . . 1 . . . Heat Transferred 1073 | . 37 . 1036 . . . Parts Sabotaged . | . . . . . . . Parts Stolen . | . . . . . . . Parts Stripped . | . . . . . . . Power Chain Reactions . | . . . . . . . Alert | -11 -10 -10 -9 -9 -9 -8 ------- Run | Yrd Mat Min Mat Min Exi Min Peak Influence 482 | . 221 185 482 285 . 10 Initial 187 | . . 51 . 187 . . Average 118 | . 82 55 174 235 . 9 Maximum Alert Level 2 | . 1 . 2 1 . . Low Security (%) 76 | 100 81 100 63 43 . 100 Level 1 17 | . 18 . 20 56 . . Level 2 6 | . . . 15 . . . Level 3 . | . . . . . . . Level 4 . | . . . . . . . Level 5 . | . . . . . . . High Security . | . . . . . . . Max Security . | . . . . . . . Squads Dispatched 9 | . 2 . 6 . . 1 Investigation 4 | . 1 . 3 . . . Extermination . | . . . . . . . Reinforcement 5 | . 1 . 3 . . 1 Assault . | . . . . . . . Garrison . | . . . . . . . Intercept . | . . . . . . . Searches Triggered . | . . . . . . . Construction Impeded 2 | . . . 1 . . 1 Haulers Reinforced . | . . . . . . . Active Scanning Responses . | . . . . . . . Cargo Convoy Interrupts . | . . . . . . . Stealth | -11 -10 -10 -9 -9 -9 -8 --------- Run | Yrd Mat Min Mat Min Exi Min Distress Signals 2 | . . . 2 . . . Communications Jammed . | . . . . . . . Distress Signals . | . . . . . . . Times Spotted 66 | . 18 5 36 4 . 3 Peak Tracking Total 5 | . 3 3 5 4 . 3 Tactical Retreats 3 | . 3 . . . . . Traps | -11 -10 -10 -9 -9 -9 -8 ------- Run | Yrd Mat Min Mat Min Exi Min Traps Triggered 7 | . 4 . 3 . . . Indirectly . | . . . . . . . Trap Hack Attempts . | . . . . . . . Triggered . | . . . . . . . Disarmed . | . . . . . . . Reprogrammed . | . . . . . . . Reused . | . . . . . . . Traps Extracted . | . . . . . . . Installed . | . . . . . . . Triggered . | . . . . . . . Machines | -11 -10 -10 -9 -9 -9 -8 ---------- Run | Yrd Mat Min Mat Min Exi Min Machines Disabled 2 | . . . 2 . . . Max in Single Turn 1 | . . . 1 . . . Machines Repaired . | . . . . . . . Machines Dismantled . | . . . . . . . Machines Sabotaged . | . . . . . . . Overloaded Fab Kills . | . . . . . . . Hacking | -11 -10 -10 -9 -9 -9 -8 --------- Run | Yrd Mat Min Mat Min Exi Min Machines Accessed 13 | . 5 1 5 . 2 . Terminals 4 | . 3 . 1 . . . Fabricators . | . . . . . . . Repair Stations 3 | . 1 . 2 . . . Recycling Units 3 | . 1 . 2 . . . Scanalyzers . | . . . . . . . Garrison Access . | . . . . . . . Total Hacks 34 | . 14 1 15 . 4 . Successful 26 | . 9 1 12 . 4 . Failed 8 | . 5 . 3 . . . Catastrophic . | . . . . . . . Database Lockouts . | . . . . . . . Manual 3 | . . . . . 3 . Terminals 9 | . 7 . 2 . . . Fabricators . | . . . . . . . Repair Stations 13 | . 4 . 9 . . . Recycling Units 7 | . 3 . 4 . . . Scanalyzers . | . . . . . . . Garrison Access . | . . . . . . . Terminal Hacks 10 | . 3 1 2 . 4 . Record 3 | . . . . . 3 . Open Door 1 | . . 1 . . . . Alert Level 1 | . . . 1 . . . Unreport Threat 1 | . . . 1 . . . Locate Traps 1 | . 1 . . . . . Hauler Manifests 1 | . 1 . . . . . Zone Layout 1 | . 1 . . . . . Derelict Proto ID Bank 1 | . . . . . 1 . Fabricator Hacks . | . . . . . . . Repair Station Hacks 11 | . 4 . 7 . . . Scan Component 6 | . 2 . 4 . . . Repair 5 | . 2 . 3 . . . Recycling Unit Hacks 5 | . 2 . 3 . . . Report Inventory 4 | . 1 . 3 . . . Retrieve Components 1 | . 1 . . . . . Scanalyzer . | . . . . . . . Garrison Access Hacks . | . . . . . . . Unauthorized Hacks . | . . . . . . . Terminals . | . . . . . . . Fabricators . | . . . . . . . Repair Stations . | . . . . . . . Recycling Units . | . . . . . . . Scanalyzers . | . . . . . . . Garrison Access . | . . . . . . . Data Cores Recovered . | . . . . . . . Used . | . . . . . . . Hacking Detections 7 | . 4 . 3 . . . Full Trace Events 4 | . 2 . 2 . . . Feedback Events . | . . . . . . . Feedback Blocked . | . . . . . . . Robot Schematics Acquired . | . . . . . . . Robots Built . | . . . . . . . Authchips . | . . . . . . . Time . | . . . . . . . Total Robot Build Rating . | . . . . . . . Part Schematics Acquired . | . . . . . . . Parts Built . | . . . . . . . Authchips . | . . . . . . . Time . | . . . . . . . Total Part Build Rating . | . . . . . . . Parts Repaired 5 | . 2 . 3 . . . Time 148 | . 52 . 96 . . . Parts Recycled . | . . . . . . . Recycled Matter . | . . . . . . . Retrieved Matter . | . . . . . . . Retrieved Components 3 | . 3 . . . . . Parts Scanalyzed . | . . . . . . . Part Schematics Acquired . | . . . . . . . Parts Damaged . | . . . . . . . Bothacking | -11 -10 -10 -9 -9 -9 -8 ------------ Run | Yrd Mat Min Mat Min Exi Min Used RIF Installer . | . . . . . . . Robots Hacked 2 | . . . 2 . . . Non-combat 2 | . . . 2 . . . Combat . | . . . . . . . Robot Hacks Applied 4 | . . . 4 . . . parse_system 1 | . . . 1 . . . no_distress 1 | . . . 1 . . . find_recycling 1 | . . . 1 . . . find_station 1 | . . . 1 . . . Relay Couplers Released . | . . . . . . . Fabnet Peak Effective % . | . . . . . . . Robots Rewired . | . . . . . . . Allies Hacked . | . . . . . . . Hacks Repelled . | . . . . . . . Allies | -11 -10 -10 -9 -9 -9 -8 -------- Run | Yrd Mat Min Mat Min Exi Min Total Allies 3 | . . 2 . 1 . . Largest Group 2 | . . 2 1 1 . . Highest-Rated Group 41 | . . 41 31 31 . . Highest-Rated Ally 31 | . . 31 31 31 . . Total Orders . | . . . . . . . Ally Attacks 9 | . . 8 1 . . . Total Damage 146 | . . 146 . . . . Kills 3 | . . 3 . . . . Allies Corrupted 1 | . . . . 1 . . Allies Melted 1 | . . 1 . . . . Intel | -11 -10 -10 -9 -9 -9 -8 ------- Run | Yrd Mat Min Mat Min Exi Min Robot Analysis Total . | . . . . . . . Derelict Logs Recovered 5 | . . 3 . 2 . . Drone Launches 16 | . . . 16 . . . Drone Recoveries . | . . . . . . . Exploration | -11 -10 -10 -9 -9 -9 -8 ------------- Run | Yrd Mat Min Mat Min Exi Min Turns Passed 4415 | 141 871 685 1571 342 493 312 Spaces Moved 2287 | 90 473 519 671 135 285 114 Core 19 | 16 . . 3 . . . Treads 1329 | 74 119 . 602 135 285 114 Legs 939 | . 354 519 66 . . . Wheels . | . . . . . . . Hover . | . . . . . . . Flight . | . . . . . . . Fastest Speed 50 | 50 120 120 150 160 160 240 Average Speed 150 | 140 130 120 163 160 171 240 Slowest Speed 260 | 160 160 120 260 160 240 240 Overloaded Moves . | . . . . . . . Propulsion Burnouts . | . . . . . . . Robots Hopped . | . . . . . . . Cave-ins Triggered 1 | . . . . 1 . . Exploration Rate (%) 51 | 6 74 88 56 39 62 33 Regions Visited 6 Branch Regions 4 Pre-discovered Areas 3 | . . 2 . . 1 . Known Exits Taken . | . . . . . . . Unknown Exits Taken 6 | 1 1 1 1 1 1 . Scrap Searched 1 | . . 1 . . . . Spaces Dug 77 | . . . . 77 . . Terrain Destroyed 98 | . . . 8 90 . . Melee . | . . . . . . . Projectile 14 | . . . 8 6 . . AOE 84 | . . . . 84 . . Terrain Rammed . | . . . . . . . Walls Destroyed . | . . . . . . . Machines Disabled . | . . . . . . . Actions | -11 -10 -10 -9 -9 -9 -8 --------- Run | Yrd Mat Min Mat Min Exi Min Total 2936 | 105 645 574 973 216 292 131 Wait 300 | . 84 39 123 54 . . Move 2281 | 89 472 518 670 134 284 114 Hop . | . . . . . . . Pick Up 76 | 10 20 4 33 2 4 3 Fast Attach . | . . . . . . . Attach 37 | 6 8 1 20 . 1 1 Detach 1 | . . . 1 . . . Swap 18 | . 4 . 11 2 . 1 Drop 29 | . 9 2 14 1 3 . Fire 184 | . 48 5 97 23 . 11 Melee 4 | . . . 4 . . . Ram . | . . . . . . . Kick 5 | . . 5 . . . . Crush 1 | . . . . . . 1 Escape Stasis . | . . . . . . . Rewire . | . . . . . . . Trap . | . . . . . . . Miscellaneous . | . . . . . . . Route ------- -11/Scrapyard -10/Materials (discovered 2 exits: *Mat / *Min) -10/Mines (discovered 2 exits: *Mat x2) -9/Materials (discovered 2 exits: [*Mat] / [*Min]) -9/Mines (discovered 3 exits: [*Mat x2] / *Exi) -9/Exiles (discovered 2 exits: [*Min x2]) -8/Mines History --------- Turn | Location | Event 18 | -11/Scrapyard | Discovered new exit (range 16) 142 | -11/Scrapyard | Entered Materials 339 | -10/Materials | Build established: Mutant 620 | -10/Materials | Repaired Lgt. Assault Rifle 637 | -10/Materials | Discovered new exit (range 14) 846 | -10/Materials | Discovered new exit (range 13) 951 | -10/Materials | Repaired Lgt. Armor Plating? 965 | -10/Materials | Core integrity fell below 50% 1013 | -10/Materials | Entered Mines 1013 | -10/Mines | Discovered new exit (range 10) 1017 | -10/Mines | Found the Drone Emporium 1022 | -10/Mines | Found Prototype Device 1106 | -10/Mines | Learned location of Zion (-7) 1196 | -10/Mines | Learned location of Mines (-8) 1428 | -10/Mines | Discovered new exit (range 13) 1459 | -10/Mines | Learned 2 Materials zone layouts 1698 | -10/Mines | Entered Materials 1698 | -9/Materials | Accompanied by 1 ally 1698 | -9/Materials | Evolved 2 slots: Utility x2 1698 | -9/Materials | Identified Decoy Drone Bay 1703 | -9/Materials | Led the pair of lost Derelicts to an unsafe place 1794 | -9/Materials | Lost 17 allies 2077 | -9/Materials | Repaired Lgt. Treads 2105 | -9/Materials | Repaired Lgt. Ion Engine 2252 | -9/Materials | Discovered new exit (range 16) 2640 | -9/Materials | Core integrity fell below 50% 2894 | -9/Materials | Build established: Scavenger-Mutant 2901 | -9/Materials | Repaired Broken Imp. Ion Engine 3122 | -9/Materials | Discovered new exit (range 16) 3269 | -9/Materials | Entered Mines 3272 | -9/Mines | Met a Derelict bent on vengeance 3297 | -9/Mines | Learned Materials interactive machine intel 3305 | -9/Mines | Discovered new exit (range 14) 3310 | -9/Mines | Received a Rocket Launcher from a helpful Derelict 3342 | -9/Mines | Discovered new exit (range 13) 3354 | -9/Mines | Learned Materials stockpile data 3487 | -9/Mines | Received a Mining Laser from a helpful Derelict 3534 | -9/Mines | Crushed by falling debris 3568 | -9/Mines | Core integrity fell below 20% 3605 | -9/Mines | Deemed a non-threat by the Exiles lab entrance 3605 | -9/Mines | Discovered new exit (range 5) 3611 | -9/Mines | Entered Exiles 3640 | -9/Exiles | Discovered new exit (range 15) 3664 | -9/Exiles | Met 8R-AWN 3690 | -9/Exiles | Met EX-HEX 3741 | -9/Exiles | Met EX-BIN 3763 | -9/Exiles | Aligned with FarCom system 3765 | -9/Exiles | Given EX-Vault access code 3832 | -9/Exiles | Build established: Mutant 3850 | -9/Exiles | Opened EX-Vault 3858 | -9/Exiles | Found Supersonic Drone Bay 3909 | -9/Exiles | Warned to stay clear of 0b10 Research branches 3955 | -9/Exiles | Met EX-DEC 4077 | -9/Exiles | Discovered new exit (range 12) 4104 | -9/Exiles | Left Exiles lab with Supersonic Drone Bay 4104 | -9/Exiles | Entered Mines 4416 | -8/Mines | Destroyed by G-47 Trooper with Particle Gun Last Messages --------------- 04295_ Acquired 59 matter. 04296_ K-01 Serf collects debris. 04300_ Acquired Trap Scanner. 04300_ K-01 Serf collects debris. 04303_ System corrupted: Component data lost. 04303_ K-01 Serf collects debris. 04339_ FN9IY&>YYYF8MNGBP&NG 04357_ Slammed into U-05 Engineer. 04358_ ALERT: Construction progress impeded, dispatching reinforcements to local area. 04377_ K-01 Serf collects debris. 04398_ System corrupted: Matter fused (-5). 04399_ K-01 Serf collects debris. 04401_ G-47 Trooper knocked back. 04403_ K-01 Serf collects debris. 04404_ G-47 Trooper Imp. Heat Sink blasted off. 04407_ K-01 Serf collects debris. 04409_ Critical hit (Burn: +37). 04410_ G-47 Trooper knocked back. 04416_ G-47 Trooper Aluminum Leg blasted off. Map ----- +----------------------------------------------------+ | | | | | | | | | | | | | | | | | | | | | | | | | | | | | | | ?????????????????????????????????????????????????? | | ?????????????????????????????????????????????????? | | ?????????????????????????????????????????????????? | | ???????????????????????#######???????????????????? | | ???????????????????????# ##??????????????????? | | ???????????????????????? #??????????????????? | | ????????????????????????# ##?????????????????? | | ???????????????????????## """ ##????????????????? | | ?????????????????????### """ #????????????????? | | ?????????????????##### """ #????????????????? | | ?????????????????# @ ###?????????#####? | | ?????????? %% %g #?????????? ## | | ????????? =g #?????????? # | | ?????????? % g ### #??????????# # | | ?????????? ## % ## #?# ############ # | | ????????????## #?## ## ## | | ?????????????## ???##r ############ # ##? | | ??????????????## ?????# ##??????????# ####?? | | ???????????????## ##?????# ##??????????## #????? | | ????????????????###???????# #??????????## ##???? | | ?????????????????????????? #?????????## ##??? | | ??????????????????????????####????###### #??? | | ?????????????????????????????????## #??? | | ?????????????????????????????????# #??? | | ?????????????????????????????????# [ ##??? | | ?????????????????????????????????## ###???? | | ??????????????????????????????????#####!! #?????? | | ??????????????????????????????????????### #?????? | | ????????????????????????????????????????# #?????? | | ????????????????????????????????????????# #?????? | | ????????????????????????????????????????# #?????? | | ????????????????????????????????????????# #?????? | | ???????????????????????????????????# #### #?????? | | ???????????????????????????????????# #?????? | | ???????????????????????????????????## ## #?????? | +----------------------------------------------------+ Best States ------------- Heat Dissipation 28 Energy Generation 12 Energy Capacity 265 Matter Stores 300 Matter Capacity 300 Sight Range 16 Terrain Scan Range 14 Terrain Scan Density 10 Additional Mass Support 9 Armor Coverage 225 Evasion (%) 55 Recoil Reduction 2 Item Schematics ----------------- None Robot Schematics ------------------ None Fabricated ------------ Nothing Alien Tech Used ----------------- None Achievements -------------- Release The Drones! Challenges ------------ None Game ------ Seed SiegeLightTerrabomb Manual? 0 Play Time 00:55:49 Cumulative 5.4 hours Start 2024.09.06 @ 00:37:09 End 2024.09.06 @ 12:02:48 Sessions 3 Manual Loads 0 Difficulty Rogue Special Mode None Game No. 16 Rogue 16 Adventurer 0 Explorer 0 Win Type - Total 0 Types 0/0/0/0/0/0/0/0/0 Lore% 4 Gallery% 8 Achievement% 11 Wizard Run 0 Options --------- Layout 1 ASCII 0 Keyboard 0 Movement Numpad Keybinds 0 Fullscreen 1 Font 32/SmallcapsGlow Map View 50x35 Zoom Use 0% Tactical HUD 1 Map Filters NONE Filters NONE Steam 1 RUN: 7f6c4567-a6a6-49dc-9d11-a99ec5c17144